 Dungeon Crawl Stone Soup version 0.29-a0-1052-g6990b1bffc (webtiles) character file.

Game seed: 11010626343641024334

62 Newt the Cutter (level 3, 0/27 HPs)
             Began as a Demonspawn Gladiator on Aug 17, 2022.
             Succumbed to a goblin's poison
             ... on level 1 of the Dungeon.
             The game lasted 00:04:29 (1482 turns).

Newt the Cutter (Demonspawn Gladiator)              Turns: 1482, Time: 00:04:29

Health: 0/27       AC:  7    Str: 16    XL:     3   Next: 85%
Magic:  3/3        EV: 12    Int:  9    God:
Gold:   60         SH:  0    Dex: 14    Spells: 2/2 levels left

rFire   . . .      SeeInvis .   a - +0 rapier
rCold   . . .      Faith    .   (no shield)
rNeg    . . .      Spirit   .   b - +0 leather armour
rPois   .          Reflect  .   c - +0 helmet
rElec   .          Harm     .   f - +2 cloak
rCorr   .          Rampage  .   (no gloves)
Will    .....                   (no boots)
Stlth   ++........              (no amulet)
HPRegen 0.09/turn               (no ring)
MPRegen 0.08/turn               (no ring)

@: lethally poisoned (0 -> -5)
A: ignite blood 2
a: no special abilities


You were on level 1 of the Dungeon.
You visited 1 branch of the dungeon, and saw 2 of its levels.

You collected 60 gold pieces.

Inventory:

Hand Weapons
 a - a +0 rapier (weapon)
Missiles
 d - 3 throwing nets (quivered)
 e - a javelin
Armour
 b - a +0 leather armour (worn)
 c - a +0 helmet (worn)
 f - a +2 cloak (worn)
Scrolls
 h - a scroll of teleportation {unknown}
 i - a scroll of fear {unknown}
 k - a scroll of identify {unknown}


   Skills:
 - Level 2.0 Fighting
 + Level 3.8 Short Blades
 - Level 1.7 Throwing
 - Level 2.6 Dodging
 - Level 2.0 Stealth


You had 2 spell levels left.
You didn't know any spells.
Your spell library was empty.

Dungeon Overview and Level Annotations

Branches:
Dungeon (2/15)

Altars:


Innate Abilities, Weirdness & Mutations

Your demonic aura often causes spilled blood to erupt in flames.


Message History

It begins to drip with poison!
The goblin barely misses you.
You miss the goblin.
The goblin hits you with a +2 dagger of venom.
You are poisoned.
You closely miss the goblin.
You feel very sick.
The goblin hits you with a +2 dagger of venom.
You are lethally poisoned!
You feel very sick.
The goblin unwields a +2 dagger of venom.
It stops dripping with poison.
The goblin wields a +0 sling.
The goblin shoots a sling bullet.
The sling bullet hits you.
You feel very sick. The bat hits you.
* * * LOW HITPOINT WARNING * * *
The goblin shoots a sling bullet.
The sling bullet closely misses you.
There is a stone staircase leading up, spattered with blood here.
Unknown command.
* * * LOW HITPOINT WARNING * * *
You feel very sick. The bat hits you but does no damage.
You climb upwards.
* * * LOW HITPOINT WARNING * * *
You feel very sick.
There is a stone staircase leading down here.
You aren't carrying any potions.
You aren't carrying any potions.
You aren't carrying any potions.
You aren't carrying any potions.
You aren't carrying any potions.
You hit the bat.
You kill the bat!
* * * LOW HITPOINT WARNING * * *
You feel sick.
Unknown command.
Blink to where?
Press: ? - help, Dir - move target
As you read the scroll labelled OMURUU WUNI, it crumbles to dust.
It was a scroll of blinking.
You die...

...## #.......# ##≈~~
##..######## ###.#.#.## ### ##.~
##.........###........###.####~~.
####.....#...).#.#.#.##.........~
# ###......##................~~.
# ##........#.#.#.#.#........~~~
# #...........................≈~
# #..........##.#.#.#.........~~
# #..........#.@§............~≈~
# ##...........#.#○#.#.##..###.~~
###).........#.................≈~
...............#.#.#.####.#....~~
.............##.......###.#....≈≈
.##............#.#.#.#.##.#...~≈≈
.............#.........##.....~≈≈
≈≈≈≈≈~≈≈≈....#.#.#.#.#.#..#)....~
≈≈≈≈~≈≈≈≈≈...#...#####.#..#....~.


There were no monsters in sight!

Vanquished Creatures
  An adder (D:1)
  A dart slug (D:1)
  2 endoplasms (D:1)
  4 goblins (D:1)
  3 hobgoblins (D:1)
  12 jackals (D:1)
  5 kobolds (D:1)
  2 quokkas (D:1)
  4 ball pythons (D:1)
  4 bats (D:1)
  5 frilled lizards (D:1)
  A rat (D:1)
44 creatures vanquished.

Notes
Turn   | Place    | Note
-------+----------+-------------------------------------------
     0 | D:1      | Newt the Demonspawn Gladiator began the quest for the Orb.
     0 | D:1      | Reached XP level 1. HP: 16/16 MP: 1/1
    15 | D:1      | Reached skill level 1 in Stealth
   234 | D:1      | Gained mutation: Your demonic aura sometimes causes spilled
                  | blood to erupt in flames. [demonic ancestry]
   234 | D:1      | Reached XP level 2. HP: 13/22 MP: 2/2
   752 | D:1      | Reached skill level 3 in Short Blades
   858 | D:1      | Gained mutation: Your demonic aura often causes spilled
                  | blood to erupt in flames. [demonic ancestry]
   858 | D:1      | Reached XP level 3. HP: 27/27 MP: 3/3
  1481 | D:1      | HP: 1/27 [poisoned by a goblin]
  1482 | D:1      | Succumbed to a goblin's poison

Illustrated notes

Levels and vault maps discovered:
D:1:      nzn_arrival_water_spiral, layout_rooms,
          chequers_serial_rivers_large_a, st_stairs_12
D:2:      layout_loops_ring, ebering_ecumenical_altar_mist, minmay_heptomino_h4,
          uniq_jessica

Skill      XL: |  1  2 |
---------------+-------+-----
Stealth        | 1 2 |  2.0
Short Blades   | 3 |  3.8
Fighting       | |  2.0
Throwing       | |  1.7
Dodging        | |  2.6

Action                   || total
-------------------------++-------
Melee: Rapier            ||   162
       Punch             ||     3
Throw: Stone             ||     6
  Use: Scroll            ||     1
 Stab: Sleeping          ||     1
Armor: Leather armour    ||    68
Dodge: Dodged            ||   126

Table legend: (Time is in decaauts)
 A = Elapsed time spent in this place.
 B = Non-inter-level travel time spent in this place.
 C = Inter-level travel time spent in this place.
 D = Time resting spent in this place.
 E = Time spent auto-exploring this place.
 F = Levels seen in this place.
 G = Mean time per level.
                   A        B        C        D        E       F      G
               +--------+--------+--------+--------+--------+-----+--------+
         Total |   1501 |   1469 |     32 |    336 |    437 |   2 |  750.5 |
       Dungeon |   1501 |   1469 |     32 |    336 |    437 |   2 |  750.5 |
               +--------+--------+--------+--------+--------+-----+--------+

Top non-repeatable levels by time:
     D:1: 1485 daAuts
     D:2: 15 daAuts
